 Dungeon Sprint DCSS version 0.19-a0-1201-gda63bca (webtiles) character file.

290195 Kidiri the Ninja (level 18, -20/107 HPs)
             Began as a Spriggan Enchanter on Aug 9, 2016.
             Was the Champion of Dithmenos.
             Killed from afar by Dispater (31 damage)
             ... with damnation
             ... in the Dungeon (Sprint III: "The Ten Rune Challenge") on Aug 20, 2016.
             The game lasted 01:46:21 (21608 turns).

Kidiri the Ninja (Spriggan Enchanter)              Turns: 21608, Time: 01:46:22

Health: -20/107    AC: 11    Str:  4    XL:     18   Next: 41%
Magic:  23/55      EV: 42    Int: 27    God:    Dithmenos [******]
Gold:   3117       SH: 13    Dex: 29    Spells: 15 memorised, 11 levels left

rFire  . . .     SeeInvis +     B - +7 quick blade
rCold  + . .     Gourm    .     (armour restricted)
rNeg   + . .     Faith    .     b - +3 buckler {reflect}
rPois  .         Spirit   .     n - +3 hat of Pondering {ponderous, MR+ MP+10 Int+5}
rElec  .         Dismiss  .     a - +2 cloak {+Inv}
rCorr  .         Reflect  +     (gloves unavailable)
MR     ++++.     Harm     .     (boots unavailable)
Stlth  ++++++++++ NoTele   +    R - amulet of Fun {RegenMP rN+ Dex+3 Stlth-}
                                V - ring "Maityqir" {+Blink rF+ Int-3 Dex+7 Stlth+}
                                Q - ring "Gajarayk" {Ice +Blink Int+3}

@: wreathed by umbra, very quick
A: unfitting armour, iridescent scales 2, see invisible, herbivore 3, speed 3,
low mp 1, screaming 1, shaggy fur 1, slow metabolism 2
a: Shadow Step, Shadow Form, Renounce Religion, Evoke Blink, Evoke Invisibility
}: 5/10 runes: decaying, barnacled, slimy, silver, golden


You were in the Dungeon.
You worshipped Dithmenos.
Dithmenos was exalted by your worship.
You were full.

You visited 1 branch You collected 4131 gold pieces.
You spent 1014 gold pieces at shops.

Inventory:

Hand Weapons
 B - a +7 quick blade (weapon)
Missiles
 k - 4 throwing nets (quivered)
Armour
 a - a +2 cloak of invisibility (worn)
 b - a +3 buckler of reflection (worn)
 n - the +3 hat of Pondering (worn) {ponderous, MR+ MP+10 Int+5}
   (You took it off Gastronok in the Dungeon)

   It affects your intelligence (+5).
   It affects your resistance to hostile enchantments.
   It affects your magic capacity (+10).
 t - the +0 cloak "Reczanant" {rElec Dex+2}
   (You bought it in a shop in the Dungeon)

   It affects your dexterity (+2).
   It insulates you from electricity.
 v - a +2 robe of fire resistance
 C - a +2 cloak of magic resistance
Jewellery
 E - an uncursed ring of flight
 Q - the ring "Gajarayk" (left hand) {Ice +Blink Int+3}
   (You found it in the Dungeon)

   [ring of ice]

   It enhances your ice magic.
   It affects your intelligence (+3).
   It makes you vulnerable to fire.
   It protects you from cold.
   It lets you blink.
 R - the amulet of Fun (around neck) {RegenMP rN+ Dex+3 Stlth-}
   (You acquired it in the Dungeon)

   [amulet of magic regeneration]

   It increases your magic regeneration.
   It affects your dexterity (+3).
   It protects you from negative energy.
   It makes you less stealthy.
 V - the ring "Maityqir" (right hand) {+Blink rF+ Int-3 Dex+7 Stlth+}
   (You took it off a deep elf high priest in the Dungeon)

   [ring of protection from fire]

   It affects your intelligence (-3).
   It affects your dexterity (+7).
   It protects you from fire.
   It lets you blink.
   It makes you more stealthy.
Wands
 h - a wand of disintegration (4/24)
 j - a wand of polymorph (13/24)
 x - a wand of slowing (14/48)
 y - a wand of teleportation (3/9)
 A - a wand of lightning (0/15)
 G - a wand of iceblast (7/15)
 H - a wand of hasting (3/9)
 I - a wand of lightning (9/15)
 M - a wand of heal wounds (0/9)
 N - a wand of acid (0/15)
Scrolls
 s - a scroll of torment
 T - a scroll of enchant armour
 U - 2 scrolls of silence
Potions
 c - a potion of berserk rage
 e - 5 potions of curing
 g - 3 potions of haste
 i - a potion of might
 m - a potion of lignification
 q - 7 potions of cure mutation
 r - 6 potions of flight
 O - 2 potions of brilliance
Books
 d - a book of the Earth

   Spells                             Type                      Level
   a - Leda's Liquefaction            Hexes/Earth                  4
   b - Bolt of Magma                  Conjuration/Fire/Earth       5
   c - Statue Form                    Transmutation/Earth          6
   d - Iron Shot                      Conjuration/Earth            6
   e - Shatter                        Earth                        9
 l - a book of the Tempests

   Spells                             Type                      Level
   a - Static Discharge               Conjuration/Air              3
   b - Lightning Bolt                 Conjuration/Air              5
   c - Fireball                       Conjuration/Fire             5
   d - Tornado                        Air                          9
   e - Shatter                        Earth                        9
 o - the Papyrus of Dusty Malediction
   (You found it in the Dungeon)

   Spells                             Type                      Level
   a - Corona                         Hexes                        1
   b - Cause Fear                     Hexes                        4
   c - Leda's Liquefaction            Hexes/Earth                  4
   d - Darkness                       Hexes                        6
 w - a book of Clouds

   Spells                             Type                      Level
   a - Mephitic Cloud                 Conjuration/Poison/Air       3
   b - Conjure Flame                  Conjuration/Fire             3
   c - Poisonous Cloud                Conjuration/Poison/Air       6
   d - Freezing Cloud                 Conjuration/Ice/Air          6
   e - Ring of Flames                 Charms/Fire                  7
 K - a book of Geomancy

   Spells                             Type                      Level
   a - Sandblast                      Earth                        1
   b - Passwall                       Transmutation/Earth          2
   c - Stone Arrow                    Conjuration/Earth            3
   d - Petrify                        Transmutation/Earth          4
   e - Lee's Rapid Deconstruction     Earth                        5
Comestibles
 p - 25 royal jellies


   Skills:
 + Level 16.5 Fighting
 - Level 17.9 Short Blades
 - Level 11.2 Armour
 - Level 22.3 Dodging
 O Level 27 Stealth
 - Level 8.7 Shields
 O Level 27 Spellcasting
 + Level 18.2 Conjurations
 - Level 20.2 Hexes
 + Level 16.5 Ice Magic
 * Level 18.0 Earth Magic
 - Level 9.0 Invocations
 + Level 17.8 Evocations


You had 11 spell levels left.
You knew the following spells:

 Your Spells              Type           Power        Failure   Level  Hunger
a - Corona                Hex            #######      0%          1    None
b - Ensorcelled Hibernat  Hex/Ice        ######       0%          2    None
c - Confuse               Hex            #######.     0%          3    None
d - Tukima's Dance        Hex            #######.     0%          3    None
e - Dazzling Spray        Conj/Hex       ######       0%          3    None
f - Iron Shot             Conj/Erth      #######...   1%          6    None
g - Orb of Destruction    Conj           #######...   1%          7    None
h - Venom Bolt            Conj/Pois      ######....   1%          5    None
i - Passwall              Tmut/Erth      ######....   1%          2    None
j - Repel Missiles        Chrm/Air       #####.       1%          2    None
k - Lightning Bolt        Conj/Air       ######....   1%          5    None
l - Lee's Rapid Deconstr  Erth           #######...   0%          5    None
m - Apportation           Tloc           #####.....   1%          1    None
n - Shatter               Erth           #######...   38%         9    #####..
o - Freezing Cloud        Conj/Ice/Air   #######...   1%          6    None


Dungeon Overview and Level Annotations

Branches:
Dungeon (1/1)

Altars:
Cheibriados
Dithmenos
Elyvilon
Fedhas
Gozag
Hepliaklqana
Kikubaaqudgha
Makhleb
Nemelex Xobeh
Okawaru
Qazlal
Ru
Sif Muna
Trog
Uskayaw
Vehumet
Xom
Yredelemnul
Zin
The Shining One
Jiyva
Lugonu

Shops:
D :[?(}:?[%%%[(%!*[?%[=:!}

Annotations:
D Dispater


Innate Abilities, Weirdness & Mutations

You are tiny and cannot use many weapons and most armour.
You have supernaturally acute eyesight. (SInv)
You are a herbivore.
You cover ground extremely quickly.
You need consume almost no food.
You are mostly covered in iridescent scales. (AC +4)
Your magical capacity is low. (-10% MP)
You occasionally shout uncontrollably at your foes.
You are covered in fur. (AC +1)


Message History

Confirm with . or Enter, or press ? or * to list all spells.
Aiming: Iron Shot
Press: ? - help, Shift-Dir - straight line, f/p - Dispater
Aim: Dispater, wielding a golden staff (black smoke, moderately wounded, umbra)
The iron shot hits Dispater.
Dispater is moderately wounded.
Dispater gestures.
You see here 2 bolts.
Casting: Iron Shot
Confirm with . or Enter, or press ? or * to list all spells.
Aiming: Iron Shot
Press: ? - help, Shift-Dir - straight line, f/p - Dispater
Aim: Dispater, wielding a golden staff (moderately wounded, umbra)
The iron shot hits Dispater.
Dispater is moderately wounded.
Your shadow mimicks your spell!
The shadow shard hits Dispater.
Dispater gestures at you.
The sphere of damnation explodes!
The damnation engulfs you!
You die...

#...[##........#+###.......#####.
#.))φ##≈......≈#≈≈≈##.....##...##
#######.≈....≈)#+#+###...###.#..#
#)#)######++####.#§# ##'####.##.#
.....##..+.....#+#####.≈≈≈+#.##.#
##############.#..+∩∩#.≈≈.#..##..
......#...# ##.####§§#§§§.#######
......#..(###...###2§#§§§§#..+≈⌠.
....(((..()(...(@.&1§§§§§≈'..#≈≈.
(((..(#1.(###...###§§#§§§§#..#.≈.
...(.(#...# ##.##∩#§.#§§§.#..#...
##############.#..#..####'#######
#......#'#+##..#.#.#.#.#.#.
#.).)..#.'..'..'#.#.#.#.#.#
#..)...#.####..#(#.#.#.#.#.
#.).)..+)#.########▓▓▓▓▓▓▓▓
#......###.#.§.§§..▓...)+..


You could see Dispater, a Tzitzimitl and a hellion.

Vanquished Creatures
  the Royal Jelly (D)
  Mara (D)
  Mennas (D)
  An ancient lich (D)
  2 greater mummies (D)
  Frederick (D)
  Boris (D)
  A Killer Klown (D)
  Geryon (D)
  Nikola (D)
  An iron giant (D)
  Rupert (D)
  3 Hell Sentinels (D)
  An Orb Guardian (D)
  A lich (D)
  2 deep elf blademasters (D)
  Polyphemus (D)
  20 acid blobs (D)
  2 quicksilver dragons (D)
  An ancient champion (D)
  A deep elf master archer (D)
  Chuck (D)
  An Executioner (D)
  2 sphinxes (D)
  Dowan (D)
  Gastronok (D)
  2 storm dragons (D)
  13 azure jellies (D)
  3 shadow dragons (D)
  Ilsuiw (D)
  Roxanne (D)
  An iron dragon (D)
  2 fire giants (D)
  3 frost giants (D)
  A draconian knight (D)
  2 draconian zealots (D)
  4 war gargoyles (D)
  2 vampire knights (D)
  2 stone giants (D)
  A deep elf annihilator (D)
  Nessos (D)
  A yellow draconian (D)
  2 dire elephants (D)
  2 deep elf demonologists (D)
  Azrael (D)
  A merfolk javelineer (D)
  A deep elf death mage (D)
  11 mummy priests (D)
  A fire dragon (D)
  15 death oozes (D)
  5 yaktaur captains (D)
  Josephine (D)
  A deep elf high priest (D)
  2 hell beasts (D)
  3 hydras (D)
  17 vault guards (D)
  3 centaur warriors (D)
  2 iron elementals (D)
  An ogre mage (D)
  4 dancing weapons (D)
  4 death yaks (D)
  4 orc high priests (D)
  Urug (D)
  2 hell hogs (shapeshifter) (D)
  2 sun demons (D)
  A deep elf knight (D)
  2 soul eaters (D)
  An iron golem (D)
  9 skeletal warriors (D)
  A golden dragon zombie (D)
  A shadow wraith (D)
  A sea snake (D)
  3 death drakes (D)
  An unseen horror (D)
  A spectral iron dragon (D)
  A spectral hydra (D)
  An obsidian statue (D)
  A hill giant (shapeshifter) (D)
  A spriggan druid (D)
  A giant orange brain (D)
  An orange crystal statue (D)
  A lindwurm (D)
  2 orc knights (D)
  2 hornets (D)
  4 ugly things (D)
  6 deep elf magi (D)
  4 crystal guardians (D)
  A moth of wrath (D)
  3 shining eyes (D)
  2 elephants (D)
  2 black mambas (D)
  2 oklob plants (D)
  A water nymph (shapeshifter) (D)
  3 rust devils (D)
  8 statues (D)
  An octopode (D)
  A molten gargoyle (D)
  Duvessa (D)
  A rime drake (D)
  An anaconda simulacrum (D)
  A komodo dragon (D)
  2 spiny frogs (D)
  15 guardian mummies (D)
  2 ice devils (D)
  6 yaktaurs (D)
  A queen bee (D)
  A merfolk (shapeshifter) (D)
  4 spriggan defenders (D)
  2 giant leeches (D)
  8 slime creatures (D)
  8 blink frogs (D)
  A boulder beetle (shapeshifter) (D)
  3 wandering mushrooms (D)
  A shadow (D)
  3 redbacks (D)
  2 spriggans (D)
  A golden eye (D)
  A spatial vortex (D)
  3 iron troll simulacra (D)
  2 hydra simulacra (D)
  A swamp drake (D)
  6 giant eyeballs (D)
  An orc warrior (D)
  2 fire dragon simulacra (D)
  A necrophage (D)
  A wasp (D)
  A swamp dragon skeleton (D)
  2 centaurs (D)
  An earth elemental (D)
  A water elemental (D)
  A scorpion (D)
  32 killer bees (D)
  6 electric eels (D)
  A jelly (D)
  3 orc priests (D)
  A wizard (D)
  A necromancer (D)
  3 orc wizards (D)
  A polar bear simulacrum (D)
  3 sheep (D)
  A wolf simulacrum (D)
  3 humans (D)
  A kobold demonologist (D)
  An ooze (D)
  7 orcs (D)
  3 rats (D)
  4 ballistomycetes (D)
  A bush (D)
  2 butterflies (D)
  2 crawling corpses (D)
  17 plants (D)
428 creatures vanquished.

Vanquished Creatures (collateral kills)
  A fire giant (D)
  2 vault guards (D)
  An orc warrior (D)
  2 orcs (D)
6 creatures vanquished.

Vanquished Creatures (others)
  An Orb Guardian (D)
  A deep elf blademaster (D)
  An acid blob (D)
  2 draconian scorchers (D)
  A stone giant (D)
  2 dancing weapons (D)
  6 hellions (D)
  5 yaktaurs (D)
  A guardian mummy (D)
  5 ball lightnings (D)
  2 ballistomycetes (D)
  A butterfly (D)
  3 giant spores (D)
  16 plants (D)
47 creatures vanquished.

Grand Total: 481 creatures vanquished

Notes
Turn   | Place    | Note
-------+----------+-------------------------------------------
     0 | D        | Kidiri the Spriggan Enchanter began the quest for the Orb.
     0 | D        | Reached XP level 1. HP: 9/9 MP: 5/5
   124 | D        | Noticed a scorpion
   127 | D        | Killed a scorpion
   127 | D        | Reached skill level 1 in Fighting
   127 | D        | Reached skill level 1 in Armour
   127 | D        | Reached skill level 5 in Dodging
   127 | D        | Reached XP level 2. HP: 14/14 MP: 6/8
   127 | D        | Reached XP level 3. HP: 18/18 MP: 6/9
   135 | D        | Learned a level 2 spell: Ensorcelled Hibernation
   137 | D        | Killed a hellion
   138 | D        | Killed a hellion
   139 | D        | Killed a yaktaur
   157 | D        | Learned a level 3 spell: Confuse
   161 | D        | Learned a level 3 spell: Dazzling Spray
   166 | D        | Killed a hellion
   167 | D        | Killed a hellion
   169 | D        | Killed a hellion
   177 | D        | Killed a white draconian scorcher
   181 | D        | Killed a white draconian scorcher
   205 | D        | Killed a hellion
   236 | D        | Reached XP level 4. HP: 23/23 MP: 9/11
   241 | D        | Learned a level 3 spell: Tukima's Dance
   268 | D        | Gained mutation: You are covered in fur. (AC +1) [potion of mutation]
   268 | D        | Gained mutation: You tend to lose your temper in combat. [potion of mutation]
   269 | D        | Lost mutation: You tend to lose your temper in combat. [potion of mutation]
   269 | D        | Gained mutation: You are partially covered in iridescent scales. (AC +2) [potion of mutation]
   269 | D        | Gained mutation: You are mostly covered in iridescent scales. (AC +4) [potion of mutation]
   270 | D        | Gained mutation: You occasionally shout uncontrollably at your foes. [potion of mutation]
   281 | D        | Noticed a water elemental
   303 | D        | Killed a water elemental
   303 | D        | Reached skill level 5 in Spellcasting
   303 | D        | Reached skill level 1 in Ice Magic
   360 | D        | Noticed a shadow
   362 | D        | Killed a shadow
   362 | D        | Reached skill level 5 in Short Blades
   362 | D        | Reached skill level 1 in Conjurations
   362 | D        | Reached skill level 5 in Hexes
   362 | D        | Reached XP level 5. HP: 27/27 MP: 13/15
   362 | D        | Reached XP level 6. HP: 32/32 MP: 13/16
   385 | D        | Found an oddly glowing altar of Pakellas.
   385 | D        | Found a stormy altar of Qazlal.
   385 | D        | Noticed a spatial vortex
   386 | D        | Found a sacrificial altar of Ru.
   386 | D        | Found a burning altar of Makhleb.
   386 | D        | Found a viscous altar of Jiyva.
   386 | D        | Found a shimmering altar of Xom.
   386 | D        | Found a shadowy altar of Dithmenos.
   386 | D        | Found a sparkling altar of Nemelex Xobeh.
   386 | D        | Found a corrupted altar of Lugonu.
   386 | D        | Found an opulent altar of Gozag.
   397 | D        | Became a worshipper of Dithmenos the Shadowed
   623 | D        | Killed a yaktaur
   702 | D        | Killed a spatial vortex
   702 | D        | Reached skill level 1 in Invocations
   812 | D        | Found a hide-covered altar of Uskayaw.
   812 | D        | Found a radiant altar of Vehumet.
   813 | D        | Found a deep blue altar of Sif Muna.
   813 | D        | Found an ancient bone altar of Kikubaaqudgha.
   827 | D        | Reached skill level 10 in Stealth
   871 | D        | Found a glowing silver altar of Zin.
   872 | D        | Found a glowing golden altar of the Shining One.
   872 | D        | Found a white marble altar of Elyvilon.
   872 | D        | Noticed a deep elf mage
   876 | D        | Noticed a sixfirhy
   878 | D        | Killed a deep elf mage
   878 | D        | Reached * piety under Dithmenos
   878 | D        | Reached skill level 10 in Dodging
   878 | D        | Reached XP level 7. HP: 27/37 MP: 12/19
   958 | D        | Found an iron altar of Okawaru.
   959 | D        | Found a hazy altar of Hepliaklqana.
   959 | D        | Found a bloodstained altar of Trog.
   959 | D        | Noticed a human
   959 | D        | Noticed a human
   961 | D        | Killed a human
   961 | D        | Reached XP level 8. HP: 42/42 MP: 19/21
   978 | D        | Found a snail-covered altar of Cheibriados.
   979 | D        | Found a basalt altar of Yredelemnul.
   979 | D        | Found a blossoming altar of Fedhas.
   980 | D        | Reached ** piety under Dithmenos
  1001 | D        | Noticed Josephine
  1003 | D        | Killed Josephine
  1003 | D        | Reached XP level 9. HP: 46/46 MP: 23/23
  1046 | D        | Noticed a centaur warrior
  1054 | D        | Killed a centaur warrior
  1054 | D        | Reached skill level 5 in Fighting
  1054 | D        | Reached skill level 10 in Spellcasting
  1061 | D        | Reached *** piety under Dithmenos
  1139 | D        | Noticed an unseen horror
  1143 | D        | Killed an unseen horror
  1153 | D        | Noticed a queen bee
  1161 | D        | Reached **** piety under Dithmenos
  1174 | D        | Reached skill level 5 in Invocations
  1195 | D        | Killed a queen bee
  1195 | D        | Reached skill level 10 in Short Blades
  1341 | D        | Reached XP level 10. HP: 51/51 MP: 26/26
  1345 | D        | Reached ***** piety under Dithmenos
  1539 | D        | Reached ****** piety under Dithmenos
  1551 | D        | Reached skill level 5 in Ice Magic
  1647 | D        | Reached skill level 5 in Armour
  2008 | D        | Noticed a spiny frog
  2008 | D        | Noticed a spiny frog
  2015 | D        | Killed a spiny frog
  2020 | D        | Killed a spiny frog
  2023 | D        | Reached skill level 15 in Stealth
  2149 | D        | Reached skill level 5 in Conjurations
  2224 | D        | Noticed a lindwurm
  2227 | D        | Killed a lindwurm
  2235 | D        | Reached XP level 11. HP: 57/57 MP: 25/28
  2236 | D        | Noticed Urug
  2238 | D        | Killed Urug
  2250 | D        | Noticed a five-headed hydra
  2250 | D        | Noticed a six-headed hydra
  2270 | D        | Killed a five-headed hydra
  2270 | D        | Reached skill level 15 in Dodging
  2288 | D        | Killed a six-headed hydra
  2288 | D        | Reached skill level 10 in Hexes
  2554 | D        | Noticed a death drake
  2557 | D        | Killed a death drake
  2567 | D        | Found a blossoming altar of Fedhas.
  2567 | D        | Noticed a spriggan druid
  2569 | D        | Killed a spriggan druid
  2595 | D        | Noticed Polyphemus
  2622 | D        | Killed Polyphemus
  2744 | D        | Noticed Ilsuiw
  2746 | D        | Killed Ilsuiw
  2759 | D        | Found Wuzod's Book Emporium.
  2759 | D        | Found Ixat's Magic Scroll Shop.
  2759 | D        | Found Kuwum's Antique Armour Shoppe.
  2759 | D        | Noticed a sea snake
  2759 | D        | Noticed a merfolk javelineer
  2761 | D        | Killed a sea snake
  2767 | D        | Killed a merfolk javelineer
  2767 | D        | Reached XP level 12. HP: 63/63 MP: 20/31
  2781 | D        | Got a barnacled rune of Zot
  3013 | D        | Noticed Rupert
  3018 | D        | Killed Rupert
  3038 | D        | Noticed a death yak
  3039 | D        | Noticed a death yak
  3040 | D        | Noticed an azure jelly
  3040 | D        | Noticed a death yak
  3040 | D        | Noticed an azure jelly
  3040 | D        | Noticed a death yak
  3041 | D        | Killed a death yak
  3042 | D        | Killed a death yak
  3045 | D        | Killed a death yak
  3059 | D        | Killed a death yak
  3065 | D        | Reached skill level 15 in Spellcasting
  3280 | D        | Found Jetyfi's Book Shoppe.
  3280 | D        | Found Pungopt's Antique Armour Boutique.
  3282 | D        | Found Ugohevia's Magic Scroll Emporium.
  3325 | D        | Noticed an azure jelly
  3325 | D        | Noticed an azure jelly
  3326 | D        | Noticed a dire elephant
  3326 | D        | Noticed a dire elephant
  3326 | D        | Noticed Gastronok
  3328 | D        | Killed Gastronok
  3329 | D        | Killed a dire elephant
  3341 | D        | Killed a dire elephant
  3341 | D        | Reached XP level 13. HP: 69/69 MP: 26/33
  3561 | D        | Found Wagir's Weapon Emporium.
  3787 | D        | Bought a transparent cloak for 190 gold pieces
  3787 | D        | Bought a buckler for 90 gold pieces
  3787 | D        | Bought an embroidered robe for 14 gold pieces
  3797 | D        | Identified the cursed +0 cloak "Reczanant" {rElec Dex+2} (You bought it in a shop in the Dungeon)
  3818 | D        | Bought a book of Power for 630 gold pieces
  3825 | D        | Learned a level 6 spell: Iron Shot
  3833 | D        | Learned a level 7 spell: Orb of Destruction
  3958 | D        | Noticed a deep elf annihilator
  3967 | D        | Noticed a deep elf demonologist
  3982 | D        | Killed a deep elf annihilator
  4042 | D        | Noticed a deep elf death mage
  4044 | D        | Killed a deep elf demonologist
  4044 | D        | Reached skill level 1 in Shields
  4045 | D        | Noticed a deep elf demonologist
  4101 | D        | Noticed a deep elf master archer
  4193 | D        | Killed a deep elf demonologist
  4291 | D        | Learned a level 5 spell: Venom Bolt
  5350 | D        | Killed a deep elf death mage
  5446 | D        | Killed a deep elf master archer
  5446 | D        | Reached skill level 15 in Short Blades
  5609 | D        | Got a slimy leather armour
  5633 | D        | Got a crystal mace
  5636 | D        | Identified Geduoga's Compendium of Earth and Poison
  5644 | D        | Got a slimy diamond amulet
  5644 | D        | Got a vibrating steel ring
  5656 | D        | Got a steaming turquoise ring
  5664 | D        | Identified the amulet "Wyl Kuut" {Harm *Drain rElec Dex+2} (You found it in the Dungeon)
  5665 | D        | Identified the ring "Gajarayk" {Ice +Blink Int+3} (You found it in the Dungeon)
  5666 | D        | Identified the ring "Maityqir" {+Blink rF+ Int-3 Dex+7 Stlth+} (You took it off a deep elf high priest in the Dungeon)
  5791 | D        | Identified the +1 mace of Agony {crush, Int+4 Stlth+} (You found it in the Dungeon)
  5945 | D        | Learned a level 2 spell: Passwall
  6001 | D        | Noticed Dowan
  6001 | D        | Noticed Duvessa
  6004 | D        | Killed Duvessa
  6006 | D        | Killed Dowan
  6151 | D        | Found Fyfirutz's Magic Scroll Emporium.
  6151 | D        | Found Wapluj's Armour Shop.
  6151 | D        | Found Iwyug's Gadget Shoppe.
  6151 | D        | Found Zilenkik's Antique Armour Boutique.
  6151 | D        | Found Tukepp's Food Emporium.
  6151 | D        | Found Xausiytt's Distillery.
  6151 | D        | Found Liufuec's Book Emporium.
  6151 | D        | Found Romucw's Jewellery Boutique.
  6152 | D        | Found Koyboexe's General Store.
  6152 | D        | Found Pajaemp's Distillery.
  6152 | D        | Found Busaet's Food Shop.
  6152 | D        | Found Peekunuy's Antique Weapon Emporium.
  6170 | D        | Bought a shiny buckler for 90 gold pieces
  6340 | D        | Learned a level 2 spell: Repel Missiles
  6347 | D        | Learned a level 5 spell: Lightning Bolt
  6408 | D        | Noticed a fire dragon
  6409 | D        | Killed a fire dragon
  6529 | D        | Reached XP level 14. HP: 71/76 MP: 31/36
  6945 | D        | Noticed Chuck
  6968 | D        | Killed Chuck
  6968 | D        | Reached skill level 10 in Fighting
  7140 | D        | Noticed Frederick
  7145 | D        | Killed Frederick
  7174 | D        | Noticed a lich
  7176 | D        | Killed a lich
  7176 | D        | Reached skill level 10 in Ice Magic
  7190 | D        | Noticed a shadow dragon
  7191 | D        | Noticed a shadow dragon
  7193 | D        | Killed a shadow dragon
  7193 | D        | Reached skill level 5 in Shields
  7193 | D        | Reached skill level 10 in Conjurations
  7194 | D        | Killed a shadow dragon
  7584 | D        | Noticed an ancient lich
  7670 | D        | Noticed a sphinx
  7670 | D        | Noticed a sphinx
  7673 | D        | Killed a sphinx
  7674 | D        | Killed a sphinx
  8079 | D        | Noticed a reaper
  8332 | D        | Reached XP level 15. HP: 77/77 MP: 39/39
  8336 | D        | Lost strength.
  8336 | D        | Reached skill level 10 in Armour
  9013 | D        | Reached skill level 15 in Hexes
  9138 | D        | Noticed a shadow dragon
  9138 | D        | Noticed a fire giant
  9138 | D        | Noticed a quicksilver dragon
  9138 | D        | Noticed a quicksilver dragon
  9138 | D        | Noticed a frost giant
  9138 | D        | Noticed a fire giant
  9140 | D        | Noticed a frost giant
  9170 | D        | Killed a shadow dragon
  9307 | D        | Killed a quicksilver dragon
  9685 | D        | Killed a fire giant
  9810 | D        | HP: 3/83 [fire giant/great sword of flaming (9)]
  9847 | D        | Killed a fire giant
 10103 | D        | Killed a quicksilver dragon
 10210 | D        | Killed a frost giant
 10246 | D        | Got a slimy plate armour
 10600 | D        | Killed a frost giant
 10715 | D        | Got a silver rune of Zot
 10942 | D        | Noticed a greater mummy
 10942 | D        | Noticed a greater mummy
 11202 | D        | Reached skill level 1 in Earth Magic
 11428 | D        | Killed a greater mummy
 12708 | D        | Killed a greater mummy
 12708 | D        | Reached XP level 16. HP: 58/89 MP: 3/42
 12740 | D        | Got a golden rune of Zot
 12893 | D        | Learned a level 5 spell: Lee's Rapid Deconstruction
 12895 | D        | Learned a level 1 spell: Apportation
 13032 | D        | Reached skill level 1 in Evocations
 13179 | D        | Upgraded the game from 0.19-a0-1107-gc676ff4 to 0.19-a0-1201-gda63bca
 13204 | D        | Noticed Azrael
 13206 | D        | Killed Azrael
 13282 | D        | Learned a level 9 spell: Shatter
 13361 | D        | Reached skill level 5 in Earth Magic
 13533 | D        | Noticed an acid blob
 13538 | D        | Noticed an acid blob
 13540 | D        | Killed an acid blob
 13540 | D        | Reached skill level 5 in Evocations
 13558 | D        | Killed an acid blob
 13891 | D        | Gained mutation: Your magical capacity is low. (-10% MP) [a shining eye]
 13992 | D        | Found a viscous altar of Jiyva.
 13992 | D        | Noticed the Royal Jelly
 13997 | D        | Got a slimy rune of Zot
 14004 | D        | Noticed an acid blob
 14005 | D        | Noticed an acid blob
 14006 | D        | Noticed an acid blob
 14008 | D        | Noticed an acid blob
 14008 | D        | Noticed an acid blob
 14010 | D        | Noticed an acid blob
 14010 | D        | Noticed an acid blob
 14011 | D        | Killed an acid blob
 14011 | D        | Noticed an acid blob
 14014 | D        | Killed an acid blob
 14067 | D        | Killed an acid blob
 14138 | D        | Killed an acid blob
 14417 | D        | Killed an acid blob
 14812 | D        | Killed an acid blob
 14980 | D        | Killed an acid blob
 14983 | D        | Killed an acid blob
 15016 | D        | Noticed an acid blob
 15017 | D        | Killed an acid blob
 15186 | D        | Noticed an acid blob
 15189 | D        | Killed an acid blob
 15221 | D        | Noticed an acid blob
 15221 | D        | Noticed an acid blob
 15221 | D        | Noticed an acid blob
 15222 | D        | Killed an acid blob
 15222 | D        | Noticed an acid blob
 15222 | D        | Noticed an acid blob
 15222 | D        | Noticed an acid blob
 15223 | D        | Killed an acid blob
 15223 | D        | Noticed an acid blob
 15225 | D        | Killed the Royal Jelly
 15225 | D        | Noticed an acid blob
 15241 | D        | Killed an acid blob
 15245 | D        | Killed an acid blob
 15415 | D        | Killed an acid blob
 15464 | D        | Killed an acid blob
 15472 | D        | Killed an acid blob
 15689 | D        | Killed an acid blob
 15795 | D        | Killed an acid blob
 16338 | D        | Noticed Boris
 16340 | D        | Killed Boris
 16409 | D        | Noticed Mennas
 16498 | D        | Found Puguet's Food Emporium.
 16498 | D        | Found Qiepy's Food Shop.
 16498 | D        | Found Awkag's Food Shop.
 16498 | D        | Found Kuqe's Armour Shoppe.
 16628 | D        | Found Wammaom's Gadget Boutique.
 16683 | D        | Got a coiled iron amulet
 16685 | D        | Identified the amulet of Fun {RegenMP rN+ Dex+3 Stlth-} (You acquired it in the Dungeon)
 16874 | D        | Reached skill level 10 in Earth Magic
 17021 | D        | Noticed Roxanne
 17026 | D        | Killed Roxanne
 17026 | D        | Reached skill level 15 in Conjurations
 17106 | D        | Killed Mennas
 17106 | D        | Reached skill level 10 in Evocations
 17263 | D        | Reached XP level 17. HP: 96/96 MP: 36/41
 17912 | D        | Noticed Mara
 17916 | D        | Noticed Kidiri's illusion
 17928 | D        | Killed Mara
 18174 | D        | Identified the Papyrus of Dusty Malediction
 18295 | D        | Noticed Nikola
 18486 | D        | Killed Nikola
 19237 | D        | Got a decaying rune of Zot
 19555 | D        | Noticed Nessos
 19559 | D        | Killed Nessos
 19705 | D        | Learned a level 6 spell: Freezing Cloud
 19790 | D        | Noticed a deep elf blademaster
 19790 | D        | Noticed a deep elf blademaster
 19790 | D        | Noticed a deep elf blademaster
 19796 | D        | Killed a deep elf blademaster
 19847 | D        | Killed a deep elf blademaster
 19854 | D        | Killed a deep elf blademaster
 20188 | D        | Noticed a Killer Klown
 20190 | D        | Killed a Killer Klown
 20306 | D        | Noticed an Orb Guardian
 20306 | D        | Noticed an Orb Guardian
 20310 | D        | Killed an Orb Guardian
 20310 | D        | Reached skill level 27 in Stealth
 20329 | D        | HP: 4/98 [Orb Guardian (19)]
 20341 | D        | Killed an Orb Guardian
 20725 | D        | Noticed an ancient lich
 20727 | D        | Killed an ancient lich
 20727 | D        | Reached skill level 15 in Fighting
 20727 | D        | Reached skill level 15 in Ice Magic
 20747 | D        | Reached skill level 15 in Earth Magic
 20879 | D        | Reached skill level 15 in Evocations
 20883 | D        | Reached skill level 27 in Spellcasting
 20886 | D        | Reached XP level 18. HP: 104/104 MP: 4/45
 21003 | D        | Noticed Geryon
 21013 | D        | Killed Geryon
 21248 | D        | Noticed an iron giant
 21250 | D        | Killed an iron giant
 21337 | D        | Noticed a Hell Sentinel
 21340 | D        | Killed a Hell Sentinel
 21404 | D        | Noticed a Hell Sentinel
 21404 | D        | Noticed a Hell Sentinel
 21404 | D        | Noticed Dispater
 21416 | D        | Killed a Hell Sentinel
 21418 | D        | Noticed a Tzitzimitl
 21427 | D        | Noticed a Hell Sentinel
 21455 | D        | Killed a Hell Sentinel
 21458 | D        | Noticed a Tzitzimitl
 21482 | D        | Noticed a Tzitzimitl
 21598 | D        | HP: 3/107 [Dispater/golden staff (44)]
 21604 | D        | Noticed a Tzitzimitl
 21608 | D        | Killed from afar by Dispater

Vault maps used:
D:        dungeon_sprint_mu

Skill      XL: |  1  2  3  4  5  6  7  8  9 10 11 12 13 14 15 16 17 18 |
---------------+-------------------------------------------------------+-----
Spellcasting   | 4 6 8 9 11 12 14 15 17 19 21 24 27 | 27.0
Short Blades   | 3 5 7 8 10 11 12 14 15 16 17 | 17.9
Dodging        | 5 6 8 10 11 13 14 16 18 19 20 22 | 22.3
Fighting       | 1 2 3 4 5 6 7 8 9 11 12 13 15 16 | 16.5
Armour         | 1 2 3 4 5 6 7 8 9 11 | 11.2
Stealth        | 6 9 11 12 13 15 17 19 20 22 23 25 27 | 27.0
Hexes          | 4 5 6 7 8 9 10 11 13 14 16 18 20 | 20.2
Ice Magic      | 2 3 4 5 6 7 9 10 12 13 15 16 | 16.5
Conjurations   | 1 2 3 4 5 6 7 8 11 13 15 17 18 | 18.2
Invocations    | 2 4 5 6 7 9 |  9.0
Shields        | 3 6 8 |  8.7
Earth Magic    | 3 10 15 18 | 18.0
Evocations     | 10 15 17 | 17.8

Action                   |  1- 3 |  4- 6 |  7- 9 | 10-12 | 13-15 | 16-18 || total
-------------------------+-------+-------+-------+-------+-------+-------++-------
Melee: Dagger            |    11 |    22 |    30 |   225 |   246 |       ||   534
       Quick blade       |       |       |       |       |   160 |   362 ||   522
Throw: Throwing net      |       |       |       |       |     1 |     1 ||     2
 Cast: Corona            |     2 |       |       |       |     1 |       ||     3
       Ensorcelled Hiber |     3 |     3 |    17 |    68 |    20 |     1 ||   112
       Dazzling Spray    |       |    22 |     3 |    26 |   204 |    64 ||   319
       Venom Bolt        |       |       |       |       |    28 |       ||    28
       Tukima's Dance    |       |       |       |       |    19 |     3 ||    22
       Repel Missiles    |       |       |       |       |     2 |       ||     2
       Passwall          |       |       |       |       |     1 |     6 ||     7
       Orb of Destructio |       |       |       |       |    43 |    80 ||   123
       Iron Shot         |       |       |       |       |       |   121 ||   121
       Lee's Rapid Decon |       |       |       |       |       |    42 ||    42
       Lightning Bolt    |       |       |       |       |       |     8 ||     8
       Confuse           |       |       |       |       |       |     2 ||     2
       Freezing Cloud    |       |       |       |       |       |     4 ||     4
       Apportation       |       |       |       |       |       |     1 ||     1
Invok: Shadow Step       |       |       |       |    12 |    17 |    11 ||    40
       Shadow Form       |       |       |       |       |       |     1 ||     1
 Abil: Evoke Blink       |       |       |       |       |    15 |     3 ||    18
       Evoke Flight      |       |       |       |       |       |     3 ||     3
Evoke: Wand              |       |       |       |       |       |    22 ||    22
  Use: Potion            |       |     4 |       |       |     2 |     7 ||    13
       Scroll            |       |     2 |       |       |     5 |    27 ||    34
 Stab: Sleeping          |     5 |     4 |    14 |    66 |    56 |    39 ||   184
       Invisible         |       |       |     2 |     7 |    15 |     1 ||    25
       Distracted        |       |       |       |     1 |     4 |     2 ||     7
       Held in net/web   |       |       |       |       |     2 |       ||     2
  Eat: Bread ration      |       |       |       |     1 |     1 |     1 ||     3
       Fruit             |       |       |       |       |    11 |     3 ||    14
       Royal jelly       |       |       |       |       |       |     4 ||     4
Armor: Robe              |     1 |     3 |     2 |     6 |    15 |    14 ||    41
Dodge: Dodged            |    10 |    15 |    26 |    99 |   189 |   191 ||   530
       Deflected         |       |       |       |       |     2 |     1 ||     3
Block: Buckler           |       |       |       |       |    80 |    81 ||   161
       Reflection        |       |       |       |       |     8 |    17 ||    25
